 Dungeon Crawl Stone Soup version 0.31.0-12-g77e489cdc1 (webtiles) character file.

Game seed: 10501094678330176257

285 booth the Changeling (level 6, -7/51 HPs)
             Began as a Draconian Shapeshifter on Feb 18, 2024.
             Mangled by an ice beast (12 damage)
             ... on level 8 of the Dungeon.
             The game lasted 00:15:09 (2713 turns).

booth the Changeling (Draconian Shapeshifter)       Turns: 2713, Time: 00:15:09

Health: -7/51      AC:  6    Str: 19    XL:     6   Next: 7%
Magic:  6/6        EV: 12    Int: 16    God:
Gold:   22         SH:  0    Dex: 10    Spells: 5/5 levels left

rFire   . . .        e - +2 hand axe
rCold   . . .        (no shield)
rNeg    . . .        (body armour unavailable)
rPois   .            (helmet currently unavailable)
rElec   .            (cloak currently unavailable)
rCorr   .            (gloves currently unavailable)
SInv    +            (boots currently unavailable)
Will    .....        (no amulet)
Stlth   +            g - ring of see invisible
HPRegen 0.28/turn    n - +6 ring of intelligence
MPRegen 0.10/turn

%: no passive effects
@: beast-form
A: beast (slay +2), AC +6, unfitting armour, cold-blooded
a: Begin Untransformation


You were on level 8 of the Dungeon.
You were a hulking beast.
You visited 1 branch of the dungeon, and saw 6 of its levels.

You collected 167 gold pieces.
You spent 145 gold pieces at shops.

Inventory:

Hand Weapons
 e - a +2 hand axe (weapon)
 j - a +0 mace of protection
Missiles
 h - 9 poisoned darts
 o - 6 boomerangs (quivered)
Jewellery
 g - a ring of see invisible (left hand)
 n - a +6 ring of intelligence (right hand)
Talismans
 b - a beast talisman
 c - a flux talisman
Scrolls
 f - a scroll of immolation
 k - a scroll of teleportation
 r - a scroll of enchant armour {unknown}
Potions
 a - a potion of lignification
 d - a potion of magic
 l - a potion of mutation
 m - a potion of invisibility


   Skills:
 + Level 3.3 Fighting
 + Level 2.3 Axes
 - Level 1.7 Dodging
 - Level 3.3 Unarmed Combat
 * Level 5.0 Shapeshifting


You had 5 spell levels left.
You didn't know any spells.
Your spell library contained the following spells:

 Spells                   Type           Power      Damage    Failure   Level
 Scorch                   Fire           0%         2d5       36%         2
 Flame Wave               Conj/Fire      0%         2d4       94%         4
 Summon Cactus Giant      Summ           0%         N/A       100%        6


Dungeon Overview and Level Annotations

Branches:
Dungeon (8/15)
 Temple: D:4-7         Lair: D:8-11

Altars:
Gozag

Shops:
D:7 *?*


Innate Abilities, Weirdness & Mutations

You are a hulking beast.
Your limbs bulge with bestial killing power. (Slay +2)
Your plain brown scales are hard. (AC +6)
You cannot fit into any form of body armour.
You are cold-blooded and may be slowed by cold attacks.


Message History

You slash the hound!
The hound is heavily wounded.
You hit the gnoll.
Your attacks no longer feel as feeble.
The hound bites you but does no damage.
You closely miss the hound.
The hound is heavily wounded.
You hit the gnoll. The hound misses you. The gnoll misses you.
You hit the hound.
The hound is almost dead.
You hit the gnoll.
You kill the gnoll!
The hound misses you.
You closely miss the hound.
The hound is almost dead.
The hound closely misses you. The hound bites you but does no damage.
You slash the hound!
You kill the hound!
Your Shapeshifting skill increases to level 5!
You have reached level 6!
Your scales feel tougher.
You start resting.
Your extra speed is starting to run out.
You start resting.
You feel yourself slow down.
You start resting.
An ice beast comes into view.
You see here a +0 flail.
You see here a +0 flail.
There is a stone staircase leading up here.
You closely miss the ice beast. The ice beast hits you.
* * * LOW HITPOINT WARNING * * *
The ice beast freezes you!
* * * LOW HITPOINT WARNING * * *
You closely miss the ice beast.
You punch the ice beast, but do no damage.
The ice beast hits you.
* * * LOW HITPOINT WARNING * * *
The ice beast freezes you!
You die...

#.########
#.....Yh)#
..######.#
#.# ..#
##.# #.#
#.# #.#
...


You could see an ice beast.

Vanquished Creatures
  A sky beast (D:7)
  Pargi (D:3)
  A hound (D:8)
  A gnoll (D:8)
  2 adders
  A dart slug (D:2)
  A ribbon worm (D:2)
  An orc (D:7)
  4 ball pythons
  4 bats
  5 endoplasms
  5 goblins
  5 hobgoblins
  A quokka (D:3)
  2 frilled lizards
  6 kobolds
  5 rats
46 creatures vanquished.

Vanquished Creatures (others)
  A bullfrog (D:7)
  An iguana (D:7)
2 creatures vanquished.

Grand Total: 48 creatures vanquished

Notes
Turn   | Place    | Note
-------+----------+-------------------------------------------
     0 | D:1      | booth the Draconian Shapeshifter began the quest for the
                  | Orb.
     0 | D:1      | Reached XP level 1. HP: 16/16 MP: 1/1
   188 | D:1      | Reached XP level 2. HP: 23/23 MP: 2/2
   900 | D:2      | Reached XP level 3. HP: 29/29 MP: 3/3
  1836 | D:3      | Noticed Pargi
  1864 | D:3      | Killed Pargi
  1865 | D:3      | Reached skill level 1 in Axes
  1865 | D:3      | Reached skill level 4 in Shapeshifting
  1865 | D:3      | Reached XP level 4. HP: 22/37 MP: 4/4
  1970 | D:3      | Found an opulent altar of Gozag.
  2032 | D:3      | Reached XP level 5. HP: 42/42 MP: 5/5
  2586 | D:4      | You fall into a shaft and drop 3 floors!
  2586 | D:7      | Found Vuhyotwi's Magic Scroll Shoppe.
  2586 | D:7      | Found Wuepeab's General Store.
  2598 | D:7      | Bought a scroll of teleportation for 33 gold pieces
  2613 | D:7      | Found Ibimex's General Store.
  2623 | D:7      | Bought a scroll of blinking for 112 gold pieces
  2623 | D:7      | Noticed a sky beast
  2629 | D:7      | Noticed a two-headed ogre
  2635 | D:7      | Noticed an orc warrior
  2651 | D:7      | Killed a sky beast
  2660 | D:7      | Noticed an ice beast
  2685 | D:8      | Reached skill level 5 in Shapeshifting
  2685 | D:8      | Reached XP level 6. HP: 11/51 MP: 6/6
  2706 | D:8      | Noticed an ice beast
  2713 | D:8      | Mangled by an ice beast

Illustrated notes

Levels and vault maps discovered:
D:1:      amcnicky_arrival_wind_blow, layout_basic, chequers_mini_garden
D:2:      minmay_spotlight, layout_basic
D:3:      layout_loops_corners, nicolae_gozag_seed_capital, serial_glass,
          glass_columns_a, glass_columns_a, glass_columns_c, glass_columns_c,
          st_stairs_13, serial_bayou_ford_a, uniq_pargi
D:4:      layout_loops_ring, minitemple, minmay_temple_entry_overgrown,
          nicolae_ossuary_entry_giza, uniq_sigmund
D:7:      layout_basic, serial_shops,
          nicolae_shop_temple_entry_statues_fountains, shop, shop, shop,
          hellmonk_ghost_happy_afterlife, lemuel_flamethrower_2
D:8:      layout_loops_ring, lightli_temple_of_fire, uniq_maurice, uniq_jeremiah

Skill      XL: |  1  2  3  4  5 |
---------------+----------------+-----
Fighting       | 2 3 |  3.3
Axes           | 1 2 |  2.3
Shapeshifting  | 4 5 |  5.0
Dodging        | |  1.7
Unarmed Combat | |  3.3

Action                     |  1- 3 |  4- 6 || total
---------------------------+-------+-------++-------
  Melee: Unarmed           |    87 |     2 ||    89
         Tailslap          |    10 |     7 ||    17
         Punch             |     3 |     1 ||     4
         Hand axe          |       |    42 ||    42
  Throw: Dart              |     9 |     1 ||    10
         Boomerang         |       |     4 ||     4
    Use: Scroll            |     5 |     5 ||    10
         Potion            |       |     1 ||     1
 Armour: Skin              |    50 |    23 ||    73
  Dodge: Dodged            |    54 |    33 ||    87
